 Dungeon Crawl Stone Soup version 0.30-a0-651-g0755cc6dcf (webtiles) character file.

Game seed: 16918556819251619640

14 Fenrisus the Caller (level 2, -4/11 HPs)
             Began as a Felid Summoner on Jan 17, 2023.
             Slain by an iguana (15 damage)
             ... on level 2 of the Dungeon on Jan 18, 2023.
             The game lasted 00:08:53 (1098 turns).

Fenrisus the Caller (Felid Summoner)                Turns: 1098, Time: 00:08:54

Health: -4/11      AC:  1    Str:  4    XL:     2   Next: 27%
Magic:  3/6        EV: 17    Int: 16    God:
Gold:   1138       SH:  0    Dex: 16    Spells: 2/5 levels left
                                        Lives:  0   Deaths: 0

rFire   . . .      SeeInvis +    (weapon unavailable)
rCold   . . .      Faith    .    (shield unavailable)
rNeg    . . .      Spirit   .    (body armour unavailable)
rPois   .          Reflect  .    (helmet unavailable)
rElec   .          Harm     .    (cloak unavailable)
rCorr   .          Rampage  .    (gloves unavailable)
Will    .....                    (boots unavailable)
Stlth   ++                       (no amulet)
HPRegen 0.21/turn                (no ring)
MPRegen 0.10/turn                (no ring)

@: quick
A: very small, claws 1, fangs 3, see invisible, speed 1, shaggy fur 1, stealthy
paws, no weapons or thrown items, no armour, multi-lived
a: no special abilities


You were on level 2 of the Dungeon.
You visited 1 branch of the dungeon, and saw 2 of its levels.

You collected 1138 gold pieces.

Inventory:

Scrolls
 b - 3 scrolls of amnesia
 e - a scroll of immolation
Potions
 a - 2 potions of magic
 c - a potion of haste {unknown}
 f - a potion of lignification {unknown}
 h - a potion of heal wounds
 i - a potion of berserk rage {unknown}


   Skills:
 - Level 3.0 Dodging
 - Level 3.0 Stealth
 + Level 2.2 Spellcasting
 + Level 4.2 Summonings


You had 2 spell levels left.
You knew the following spells:

 Your Spells              Type           Power      Damage    Failure   Level
a - Summon Small Mammal   Summ           60%        N/A       3%          1
b - Call Imp              Summ           15%        N/A       5%          2

Your spell library contained the following spells:

 Spells                   Type           Power      Damage    Failure   Level
 Apportation              Tloc           2%         N/A       21%         1
 Necrotise                Necr           4%         1d4       21%         1
 Call Canine Familiar     Summ           15%        N/A       11%         3
 Summon Guardian Golem    Hex/Summ       8%         N/A       26%         3
 Summon Ice Beast         Ice/Summ       8%         N/A       63%         4
 Summon Lightning Spire   Summ/Air       8%         N/A       63%         4
 Summon Mana Viper        Hex/Summ       8%         N/A       93%         5
 Monstrous Menagerie      Summ           7%         N/A       100%        7


Dungeon Overview and Level Annotations

Branches:
Dungeon (2/15)

Altars:

Shops:
D:1 [

Annotations:
D:2 Jessica


Innate Abilities, Weirdness & Mutations

You have sharp claws.
You have razor-sharp teeth.
You have supernaturally acute eyesight. (SInv)
You cover ground quickly. (Speed+)
You are covered in fur. (AC +1)
Your paws help you pounce on unaware monsters.
You are incapable of wielding weapons or throwing items.
You cannot wear armour.
You gain extra lives every three experience levels.


Message History

Confirm with . or Enter, or press ? or * to list all spells.
A beastly little devil appears in a puff of flame.
The iguana hisses angrily.
Casting: Call Imp (safe; 5% risk of failure)
Confirm with . or Enter, or press ? or * to list all spells.
Your crimson imp blinks!
What are your orders? t - Meow!
Orders for allies: a - Attack new target. r - Retreat! s - Stop attacking. g - Guard the area. f - Follow me.
Anything else - Cancel.
Gang up on whom?
Press: ? - help, Dir - move target, f - iguana
Aim: an iguana (ally target) Attack!
Your bat hits the iguana but does no damage.
The iguana misses your bat.
Your bat barely misses the iguana.
Your bat hits the iguana but does no damage.
The iguana barely misses your rat.
Your rat barely misses the iguana.
Your bat hits the iguana but does no damage.
The iguana bites your rat.
Your rat dies!
Your rat's corpse disappears in a puff of smoke!
Your bat barely misses the iguana.
Your bat barely misses the iguana.
Your bat hits the iguana but does no damage.
The iguana bites your bat!
Your bat dies!
Your bat's corpse disappears in a puff of smoke!
Your crimson imp hits the iguana but does no damage.
Your crimson imp hits the iguana.
Your crimson imp closely misses the iguana.
You scratch the iguana but do no damage.
The iguana barely misses you.
Your crimson imp hits the iguana but does no damage.
You barely miss the iguana. The iguana bites you!
Ouch! That really hurt!
You die...

#..# #..#
###########..#
#_..÷÷÷.8##..#
#........##..#
#....÷÷÷8##5.#
#...÷....##.l#
#.......8##.@#
##.8...8.##†.#
#.######.##..# ##
#............# .#
############.#####.#
..............#
#######.......#
######.## #.#


You could see an iguana (ally target) and a friendly crimson imp (summoned).

Vanquished Creatures (collateral kills)
  2 endoplasms (D:1)
  A giant cockroach (D:2)
  A goblin (D:1)
  2 hobgoblins (D:1)
  2 jackals (D:1)
  3 ball pythons (D:1)
11 creatures vanquished.

Notes
Turn   | Place    | Note
-------+----------+-------------------------------------------
     0 | D:1      | Fenrisus the Felid Summoner began the quest for the Orb.
     0 | D:1      | Reached XP level 1. HP: 7/7 MP: 4/4
   120 | D:1      | Found Feowuug's Armour Boutique.
   465 | D:1      | Reached XP level 2. HP: 11/11 MP: 3/6
   468 | D:1      | Learned a level 2 spell: Call Imp
   833 | D:2      | Noticed Jessica
   998 | D:1      | Identified a scroll of acquirement
   998 | D:1      | Acquired 1081 gold pieces
  1057 | D:2      | Found a faded altar of an unknown god.
  1098 | D:2      | Slain by an iguana

Illustrated notes

Levels and vault maps discovered:
D:1:      tarquinn_simple_flora_water_f, layout_loops_ring, serial_shops,
          nicolae_shop_advertising_works [nicolae_subvault_shop_adworks],
          chequers_serial_rivers_room_b
D:2:      layout_basic, shapermc_ecumenical_altar_pompeii, basic_altar,
          minmay_increasing_density, uniq_jessica, uniq_terence

Skill      XL: |  1 |
---------------+----+-----
Dodging        | 3 |  3.0
Stealth        | 3 |  3.0
Spellcasting   | |  2.2
Summonings     | |  4.2

Action                   || total
-------------------------++-------
Melee: Unarmed           ||     2
 Cast: Summon Small Mamm ||    25
       Call Imp          ||     4
  Use: Scroll            ||     5
Dodge: Dodged            ||     7

Table legend: (Time is in decaauts)
 A = Elapsed time spent in this place.
 B = Non-inter-level travel time spent in this place.
 C = Inter-level travel time spent in this place.
 D = Time resting spent in this place.
 E = Time spent auto-exploring this place.
 F = Levels seen in this place.
 G = Mean time per level.
                   A        B        C        D        E       F      G
               +--------+--------+--------+--------+--------+-----+--------+
         Total |    948 |    350 |    598 |    165 |      0 |   2 |  474.0 |
       Dungeon |    948 |    350 |    598 |    165 |      0 |   2 |  474.0 |
               +--------+--------+--------+--------+--------+-----+--------+

Top non-repeatable levels by time:
     D:1: 829 daAuts
     D:2: 118 daAuts
